 Dungeon Crawl Stone Soup version 0.31-a0-489-g282fc92437 (webtiles) character file.

Game seed: 16604899284296381484

2 GordonOverkill the Sneak (level 1, -4/16 HPs)
             Began as an Octopode Delver on Aug 8, 2023.
             Slain by an orc
             ... wielding a +1 heavy flail
              (12 damage)
             ... on level 6 of the Dungeon.
             The game lasted 00:01:23 (224 turns).

GordonOverkill the Sneak (Octopode Delver)           Turns: 224, Time: 00:01:24

Health: -4/16      AC:  1    Str: 11    XL:     1   Next: 30%
Magic:  1/1        EV: 13    Int: 12    God:
Gold:   29         SH:  0    Dex: 13    Spells: 0/0 levels left

rFire   . . .        a - +0 short sword
rCold   . . .        (no shield)
rNeg    . . .        (helmet restricted)
rPois   .            (no amulet)
rElec   .            (no ring)
rCorr   .            (no ring)
SInv    .            (no ring)
Will    .....        (no ring)
Stlth   ++++         (no ring)
HPRegen 0.22/turn    (no ring)
MPRegen 0.07/turn    (no ring)
                     (no ring)

%: no passive effects
@: hasted, very quick
A: almost no armour, amphibious, 8 rings, camouflage 1, gelatinous body 1,
(nimble swimmer 1), tentacles
a: no special abilities


You were on level 6 of the Dungeon.
You visited 1 branch of the dungeon, and saw 2 of its levels.

You collected 29 gold pieces.

Inventory:

Hand Weapons
 a - a +0 short sword (weapon)
Wands
 f - a wand of digging (3)
Scrolls
 b - a scroll of fog
 c - a scroll of revelation
 d - a scroll of fear


   Skills:
 - Level 3.0 Fighting
 + Level 2.2 Short Blades
 - Level 2.0 Dodging
 - Level 6.6 Stealth


You couldn't memorise any spells.
You didn't know any spells.
Your spell library was empty.

Dungeon Overview and Level Annotations

Branches:
Dungeon (6/15)
 Temple: D:4-7

Altars:


Innate Abilities, Weirdness & Mutations

You cannot wear most types of armour.
You are amphibious.
You can wear up to eight rings at the same time.
Your skin changes colour to match your surroundings (Stealth+).
Your rubbery body absorbs attacks. (AC +1, EV +1)
((You are camouflaged when in or above water. (Stealth+)))
You have tentacles for arms and can constrict up to eight enemies at once.


Message History

The orc attacks as you move away! The orc hits you with a +0 dagger.
* * * LOW HITPOINT WARNING * * *
The orc attacks as you move away! The orc barely misses you.
The orc attacks as you move away! The orc hits you with a +0 dagger.
* * * LOW HITPOINT WARNING * * *
The orc attacks as you move away! The orc misses you.
The orc attacks as you move away! The orc hits you with a +0 dagger.
* * * LOW HITPOINT WARNING * * *
An orc comes into view. It is wielding a +0 mace.
The orc attacks as you move away! The orc hits you with a +0 dagger.
* * * LOW HITPOINT WARNING * * *
You feel yourself speed up. The orc closely misses you.
You open the door.
There is an open door here.
You open the door.
Found a scroll labelled QODAV BAMN.
There is an open door here.
You hit the orc. You grab the orc.
The orc is lightly wounded.
You constrict the orc, but do no damage.
The orc barely misses you.
You hit the orc but do no damage.
The orc is lightly wounded.
You constrict the orc, but do no damage.
You hit the orc.
The orc is moderately wounded.
You constrict the orc. The orc misses you.
You hit the orc.
You kill the orc!
Found a leather armour.
You completely miss the orc. Your grab misses the orc. The orc misses you.
You hit the orc. Your grab misses the orc. You squeeze the orc.
The orc is severely wounded.
You hit the orc but do no damage. Your grab misses the orc.
The orc is severely wounded.
You barely miss the orc. You grab the orc.
The orc is severely wounded.
You constrict the orc. The orc hits you with a +1 heavy flail!
Ouch! That really hurt!
You die...

....#....# ....#
#....'....# ...#
#....#...## ..######
....##...#########....#
....#.....o..#...#....#
... #o....#..#........#
.. #######'###.......#
.......?o.)..######
..........o@.#
.............#
.............#
.............#
.............#
.............#
####.........
#.[.......


You could see 2 orcs.

Vanquished Creatures
  An orc (D:6)
1 creature vanquished.

Notes
Turn   | Place    | Note
-------+----------+-------------------------------------------
     0 | D:5      | GordonOverkill the Octopode Delver began the quest for the
                  | Orb.
     0 | D:5      | Reached XP level 1. HP: 16/16 MP: 1/1
    27 | D:6      | Noticed a gnoll sergeant
   118 | D:6      | Noticed a steam dragon
   148 | D:6      | Noticed a sky beast
   165 | D:6      | Noticed an ogre
   224 | D:6      | Slain by an orc

Illustrated notes

Levels and vault maps discovered:
D:5:      kennysheep_six_static_rooms, layout_loops_ring
D:6:      layout_gridville

Action                     || total
---------------------------++-------
  Melee: Short sword       ||     8
         Constrict         ||     2
         Tentacles         ||     1
    Use: Potion            ||     1
  Dodge: Dodged            ||    12

Table legend: (Time is in decaauts)
 A = Elapsed time spent in this place.
 B = Non-inter-level travel time spent in this place.
 C = Inter-level travel time spent in this place.
 D = Time resting spent in this place.
 E = Time spent auto-exploring this place.
 F = Levels seen in this place.
 G = Mean time per level.
                   A        B        C        D        E       F      G
               +--------+--------+--------+--------+--------+-----+--------+
         Total |    214 |    214 |      0 |      0 |      0 |   2 |  107.0 |
       Dungeon |    214 |    214 |      0 |      0 |      0 |   2 |  107.0 |
               +--------+--------+--------+--------+--------+-----+--------+

Top non-repeatable levels by time:
     D:6: 193 daAuts
     D:5: 21 daAuts
